 Dungeon Crawl Stone Soup version 0.29.0-15-g675c0067aa (webtiles) character file.

Game seed: 10693114451713167646

222 groovy9 the Digger (level 5, -12/28 HPs)
             Began as a Gargoyle Earth Elementalist on Sept 11, 2022.
             Mangled by an orc warrior
             ... wielding a +0 scimitar
              (16 damage)
             ... on level 4 of the Dungeon.
             The game lasted 00:21:13 (3255 turns).

groovy9 the Digger (Gargoyle Earth Elementalist)    Turns: 3255, Time: 00:21:14

Health: -12/28     AC:  9    Str: 12    XL:     5   Next: 99%
Magic:  6/10       EV: 26    Int: 17    God:
Gold:   139        SH:  0    Dex: 10    Spells: 7/11 levels left

rFire   . . .      SeeInvis .   n - +0 mace (protect)
rCold   . . .      Faith    .   (no shield)
rNeg    + . .      Spirit   .   a - +0 robe
rPois   ∞          Reflect  .   (no helmet)
rElec   +          Harm     .   (no cloak)
rCorr   .          Rampage  .   e - +1 pair of gloves
Will    .....                   g - +0 pair of boots
Stlth   ++........              d - amulet of the acrobat
HPRegen 0.09/turn               (no ring)
MPRegen 0.12/turn               (no ring)

@: acrobatic
A: sickness immunity, AC +4, negative energy resistance 1, electricity
resistance, torment resistance 1, petrification resistance
a: no special abilities


You were on level 4 of the Dungeon.
You visited 1 branch of the dungeon, and saw 4 of its levels.

You collected 139 gold pieces.

Inventory:

Hand Weapons
 n - a +0 mace of protection (weapon)
Armour
 a - a +0 robe (worn)
 e - a +1 pair of gloves (worn)
 g - a +0 pair of boots (worn)
Jewellery
 d - an amulet of the acrobat (around neck)
Scrolls
 f - 2 scrolls of immolation {unknown}
 k - a scroll of teleportation {unknown}
 l - 2 scrolls of identify {unknown}
Potions
 h - a potion of cancellation {unknown}
 i - 2 potions of attraction {unknown}
 j - a potion of invisibility {unknown}
 m - 2 potions of degeneration {unknown}


   Skills:
 - Level 1.5 Dodging
 - Level 2.1 Stealth
 + Level 3.5 Spellcasting
 + Level 3.3 Conjurations
 - Level 0.7 Transmutations
 + Level 5.3 Earth Magic


You had 7 spell levels left.
You knew the following spells:

 Your Spells              Type           Power      Damage    Failure   Level
a - Sandblast             Erth           42%        2d11      1%          1
b - Stone Arrow           Conj/Erth      34%        3d9       9%          3

Your spell library contained the following spells:

 Spells                   Type           Power      Damage    Failure   Level
 Passwall                 Tmut/Erth      10%        N/A       8%          2
 Petrify                  Tmut/Erth      13%        N/A       43%         4
 Gell's Gravitas          Tloc           2%         N/A       45%         3
 Lesser Beckoning         Tloc           2%         N/A       45%         3
 Teleport Other           Tloc           2%         N/A       45%         3
 Lee's Rapid Deconstruct  Erth           10%        3d9*      45%         5
 Leda's Liquefaction      Hex/Erth       6%         N/A       50%         4
 Statue Form              Tmut/Erth      Unusable   N/A       N/A         6

Dungeon Overview and Level Annotations

Branches:
Dungeon (4/15)
 Temple: D:4-7

Altars:
Ashenzari
Nemelex Xobeh


Innate Abilities, Weirdness & Mutations

You are immune to sickness and miasma.
Your stone body is resilient. (AC +4)
You are immune to poison.
You resist negative energy. (rN+)
You are resistant to electric shocks. (rElec)
You are resistant to unholy torment.
You are immune to petrification.


Message History

An orc warrior comes into view.
It is wielding a +0 scimitar and wearing a +2 chain mail of fire resistance.
Okay, then.
Okay, then.
Magic courses through your body.
The orc warrior shouts!
You can't see any susceptible monsters within range! (Use Z to cast anyway.)
The blast of sand hits the orc warrior but does no damage.
The blast of sand hits the orc warrior but does no damage.
The blast of sand hits the orc warrior but does no damage.
The orc warrior misses you.
The blast of sand hits the orc warrior but does no damage.
A ball python comes into view.
The orc warrior completely misses you.
The orc warrior hits you with a +0 scimitar!
Ouch! That really hurt!
You are too injured to fight recklessly!
Casting: Sandblast (safe; 1% risk of failure)
Confirm with . or Enter, or press ? or * to list all spells.
Aiming: Sandblast (safe; 1% risk of failure)
Press: ? - help, Shift-Dir - straight line, f/p - orc warrior
Aim: an orc warrior, wielding a +0 scimitar and wearing a +2 chain mail of fire resistance (81% to hit)
Okay, then.
Casting: Sandblast (safe; 1% risk of failure)
Confirm with . or Enter, or press ? or * to list all spells.
Aiming: Sandblast (safe; 1% risk of failure)
Press: ? - help, Shift-Dir - straight line, f/p - orc warrior
Aim: an orc warrior, wielding a +0 scimitar and wearing a +2 chain mail of fire resistance (81% to hit)
The blast of sand misses the orc warrior.
The ball python hisses angrily.
A goblin comes into view. It is wielding a +0 club.
The orc warrior closely misses you.
Okay, then.
Okay, then.
The orc warrior attacks as you move away!
The orc warrior hits you with a +0 scimitar!
* * * LOW HITPOINT WARNING * * *
The orc warrior attacks as you move away!
The orc warrior hits you with a +0 scimitar!
Ouch! That really hurt!
You die...

####### ###### # #.....#
#....# # #.....##########
#....# # #.......##.....#
#....# #
###.....##.....######....#####
#.....)S.)o@......).........
#...g.##........###....#####
#.g...##........# ##########
#.....######....# #...
...........# #....# #...
o...##.....# ###### #... ...
#.....# #... .. ####### #... .
#...


You could see an orc warrior, a goblin (wandering) and a ball python.

Vanquished Creatures
  A jelly (D:3)
  An iguana (D:3)
  2 orc wizards (D:3)
  A gnoll (D:1)
  3 adders
  A worm (D:4)
  3 dart slugs
  7 orcs
  5 endoplasms
  3 giant cockroaches
  6 goblins
  A hobgoblin (D:1)
  4 jackals (D:1)
  2 quokkas
  4 ball pythons
  5 bats
  8 frilled lizards
  5 kobolds
  A rat (D:3)
63 creatures vanquished.

Notes
Turn   | Place    | Note
-------+----------+-------------------------------------------
     0 | D:1      | groovy9 the Gargoyle Earth Elementalist began the quest for
                  | the Orb.
     0 | D:1      | Reached XP level 1. HP: 10/10 MP: 3/3
    13 | D:1      | Found a faded altar of an unknown god.
   296 | D:1      | Reached XP level 2. HP: 15/15 MP: 3/5
   303 | D:1      | Reached skill level 1 in Conjurations
   405 | D:1      | Reached skill level 4 in Earth Magic
   457 | D:1      | Reached XP level 3. HP: 19/19 MP: 4/6
   461 | D:1      | Learned a level 3 spell: Stone Arrow
  1264 | D:2      | Found a broken altar of Ashenzari.
  1365 | D:2      | Reached XP level 4. HP: 24/24 MP: 4/8
  1637 | D:2      | You fall into a shaft and drop 2 floors!
  1904 | D:3      | Reached XP level 5. HP: 28/28 MP: 6/9
  2332 | D:3      | Reached skill level 5 in Earth Magic
  2746 | D:3      | Found a sparkling altar of Nemelex Xobeh.
  3244 | D:4      | Noticed an orc warrior
  3255 | D:4      | Mangled by an orc warrior

Illustrated notes

Levels and vault maps discovered:
D:1:      lightli_arrival_statue_moat, layout_loops_ring,
          hellmonk_ecumenical_altar_pennies_from_heaven
D:2:      minmay_general_purpose_star, layout_rooms, basic_altar, minivault_4
D:3:      layout_loops_corners, nemelex_xobeh_ov_fountains_minmay
D:4:      layout_basic

Skill      XL: |  1  2  3  4  5 |
---------------+----------------+-----
Conjurations   | 1 2 3 |  3.3
Earth Magic    | 4 5 |  5.3
Spellcasting   | 3 |  3.5
Dodging        | |  1.5
Stealth        | |  2.1
Transmutations | |  0.7

Action                   |  1- 3 |  4- 6 || total
-------------------------+-------+-------++-------
Melee: Spear             |    12 |       ||    12
       Short sword       |       |     4 ||     4
 Cast: Sandblast         |    52 |    71 ||   123
  Use: Scroll            |     2 |       ||     2
       Potion            |       |     1 ||     1
Armor: Robe              |    10 |    18 ||    28
Dodge: Dodged            |    25 |    19 ||    44
